 Dungeon Crawl Stone Soup version 0.31-a0-486-g8d68a81214 (webtiles) character file.

Game seed: 2018164291849879466

175 AstroCodex24 the Trooper (level 5, -7/41 HPs)
             Began as a Vampire Fighter on Aug 7, 2023.
             Mangled by a wyvern (13 damage)
             ... on level 6 of the Dungeon.
             The game lasted 00:03:04 (577 turns).

AstroCodex24 the Trooper (Vampire Fighter)           Turns: 577, Time: 00:03:05

Health: -7/41      AC:  6    Str: 17    XL:     5   Next: 29%
Magic:  5/5        EV:  9    Int: 11    God:
Gold:   64         SH:  4    Dex: 13    Spells: 4/4 levels left

rFire   . . .        j - +2 flail (protect)
rCold   . . .        c - +0 buckler
rNeg    . . .        b - +0 scale mail
rPois   .            (no helmet)
rElec   .            i - scarf {+Inv}
rCorr   .            (no gloves)
SInv    +            (no boots)
Will    .....        (no amulet) Stlth
                     (no ring)
HPRegen 0.46/turn    (no ring)
MPRegen 0.09/turn

%: no passive effects
@: healing quickly
A: alive, fangs 3, see invisible, vampiric 2
a: Exsanguinate, Evoke Invisibility


You were on level 6 of the Dungeon.
You visited 1 branch of the dungeon, and saw 6 of its levels.

You collected 64 gold pieces.

Inventory:

Hand Weapons
 a - a +0 war axe
 j - a +2 flail of protection (weapon)
Armour
 b - a +0 scale mail (worn)
 c - a +0 buckler (worn)
 i - a scarf of invisibility (worn)
Jewellery
 g - an amulet of the acrobat
Talismans
 l - a serpent talisman
Wands
 m - a wand of flame (25)
Scrolls
 e - a scroll of immolation {unknown}
 f - 4 scrolls of identify {unknown}
 h - a scroll of silence {unknown}
 k - a scroll of enchant armour {unknown}
Potions
 d - a potion of might


   Skills:
 + Level 3.6 Fighting
 + Level 2.6(3.0) Axes
 + Level 1.7(2.3) Maces & Flails
 + Level 2.8 Armour
 + Level 1.2 Dodging
 + Level 3.2 Shields


You had 4 spell levels left.
You didn't know any spells.
Your spell library contained the following spells:

 Spells                   Type           Power      Damage    Failure   Level
 Conjure Ball Lightning   Conj/Air       0%         3x3d6     100%        6
 Discord                  Hex            0%         N/A       100%        8
 Disjunction              Tloc           0%         N/A       100%        8


Dungeon Overview and Level Annotations

Branches:
Dungeon (6/15)
 Temple: D:4-7

Altars:

Shops:
D:4 [


Innate Abilities, Weirdness & Mutations

Your natural rate of healing is accelerated.
You have razor-sharp teeth.
You have supernaturally acute eyesight. (SInv)
You are afflicted with vampirism and can become a bat while bloodless.


Message History

You hit the wyvern.
The wyvern is moderately wounded.
The wyvern misses you. The wyvern closely misses you.
You closely miss the wyvern.
The wyvern is moderately wounded.
You block the wyvern's attack. The wyvern bites you!
You barely miss the wyvern.
The wyvern is moderately wounded.
The wyvern barely misses you. The wyvern completely misses you.
You closely miss the wyvern.
The wyvern is moderately wounded.
The wyvern bites you. The wyvern barely misses you.
You hit the wyvern but do no damage.
Your weapon exudes an aura of protection.
The wyvern is moderately wounded.
You block the wyvern's attack. x2
You completely miss the wyvern.
The wyvern is moderately wounded.
The wyvern bites you. x2
You hit the wyvern but do no damage.
The wyvern is moderately wounded.
The wyvern bites you! You block the wyvern's attack.
You hit the wyvern.
The wyvern is moderately wounded.
The wyvern bites you but does no damage.
The wyvern bites you.
* * * LOW HITPOINT WARNING * * *
You closely miss the wyvern. Your bite misses the wyvern.
The wyvern is moderately wounded.
The wyvern bites you but does no damage.
The wyvern bites you.
* * * LOW HITPOINT WARNING * * *
You closely miss the wyvern.
The wyvern is moderately wounded.
The wyvern bites you but does no damage.
The wyvern barely misses you.
You barely miss the wyvern.
The wyvern is moderately wounded.
The wyvern bites you!
You die...

#. ##.## #######
#...# #.#...#
#####...####.....#
#...#....#.......#
...............<.#
..............####
.............)##
#...l@.......#
#............##
..............#
......#........#
.........##.....#
..##............#
. #..#........##
#..###..#.###


You could see a wyvern.

Vanquished Creatures
  A phantom (D:4)
  2 hounds
  A gnoll (D:1)
  An adder (D:4)
  An endoplasm (D:1)
  4 goblins
  4 hobgoblins (D:1)
  5 kobolds
  A ball python (D:1)
  A bat (D:3)
  5 rats
26 creatures vanquished.

Notes
Turn   | Place    | Note
-------+----------+-------------------------------------------
     0 | D:1      | AstroCodex24 the Vampire Fighter began the quest for the
                  | Orb.
     0 | D:1      | Reached XP level 1. HP: 17/17 MP: 1/1
   180 | D:1      | Reached XP level 2. HP: 16/24 MP: 2/2
   401 | D:3      | Gained mutation: You are afflicted with vampirism and can
                  | become a bat while bloodless. [Vampire growth]
   401 | D:3      | Reached XP level 3. HP: 29/29 MP: 3/3
   441 | D:4      | Noticed a phantom
   441 | D:4      | Found Opluen's Antique Armour Shoppe.
   457 | D:4      | Killed a phantom
   458 | D:4      | Reached skill level 1 in Maces & Flails
   458 | D:4      | Reached XP level 4. HP: 35/35 MP: 4/4
   468 | D:4      | Reached skill level 1 in Dodging
   503 | D:4      | Reached XP level 5. HP: 38/41 MP: 5/5
   541 | D:5      | Entered Level 5 of the Dungeon
   562 | D:6      | Noticed a wyvern
   577 | D:6      | Mangled by a wyvern

Illustrated notes

Levels and vault maps discovered:
D:1:      kennysheep_arrival_seaside, layout_loops_ring, minmay_octomino_c4
D:2:      layout_rooms, serial_aquarium, aquarium_bridge_straight
          [aquarium_subvault_bridge, aquarium_subvault_window,
          aquarium_subvault_bridge, aquarium_subvault_window],
          aquarium_window_fake, aquarium_window_2, aquarium_view_2b,
          aquarium_view_2f, hellmonk_ecumenical_altar_blasted,
          grunt_ministairs_5, uniq_terence
D:3:      layout_loops_ring, lemuel_zombie_altar_kikubaaqudgha
D:4:      layout_loops_ring, nzn_wu_jian_contemplation, serial_shops,
          nicolae_stop_n_shop_1, minmay_bisected, uniq_natasha
D:5:      layout_cave_pools, vehumet_crystals, corexii_shack, kennysheep_donut,
          uniq_duvessa
D:6:      layout_cave_pools, minmay_temple_entry_sparse_star, enter_ossuary_5,
          serial_park_tiny_pond, minmay_microvault, uniq_crazy_yiuf_cottage

Skill      XL: |  1  2  3  4 |
---------------+-------------+-----
Fighting       | 3 |  3.6
Axes           | 2 |  2.6
Shields        | 3 |  3.2
Maces & Flails | 1 |  1.7
Dodging        | 1 |  1.2
Armour         | |  2.8

Action                     |  1- 3 |  4- 6 || total
---------------------------+-------+-------++-------
  Melee: War axe           |    24 |       ||    24
         Bite              |    11 |     2 ||    13
         Flail             |    39 |    36 ||    75
 Armour: Scale mail        |    37 |    17 ||    54
  Dodge: Dodged            |    36 |    15 ||    51
  Block: Buckler           |    14 |    12 ||    26

Table legend: (Time is in decaauts)
 A = Elapsed time spent in this place.
 B = Non-inter-level travel time spent in this place.
 C = Inter-level travel time spent in this place.
 D = Time resting spent in this place.
 E = Time spent auto-exploring this place.
 F = Levels seen in this place.
 G = Mean time per level.
                   A        B        C        D        E       F      G
               +--------+--------+--------+--------+--------+-----+--------+
         Total |    613 |    613 |      0 |      0 |      0 |   6 |  102.2 |
       Dungeon |    613 |    613 |      0 |      0 |      0 |   6 |  102.2 |
               +--------+--------+--------+--------+--------+-----+--------+

Top non-repeatable levels by time:
     D:1: 271 daAuts
     D:3: 162 daAuts
     D:4: 112 daAuts
     D:6: 31 daAuts
     D:2: 27 daAuts
     D:5: 8 daAuts
